 Dungeon Crawl Stone Soup version 0.30-a0-422-g946f4849ff (webtiles) character file.

Game seed: 9973706929803112630

23 wvc the Firebug (level 2, 0/15 HPs)
             Began as a Deep Elf Fire Elementalist on Dec 8, 2022.
             Slain by a hobgoblin (2 damage)
             ... on level 1 of the Dungeon.
             The game lasted 00:02:19 (879 turns).

wvc the Firebug (Deep Elf Fire Elementalist)         Turns: 879, Time: 00:02:19

Health: 0/15       AC:  3    Str:  5    XL:     2   Next: 75%
Magic:  8/8        EV: 12    Int: 19    God:
Gold:   75         SH:  0    Dex: 15    Spells: 7/8 levels left

rFire   . . .      SeeInvis .    (no weapon)
rCold   . . .      Faith    .    (no shield)
rNeg    . . .      Spirit   .    a - +0 robe
rPois   .          Reflect  .    (no helmet)
rElec   .          Harm     .    l - +0 cloak
rCorr   .          Rampage  .    (no gloves)
Will    .....                    (no boots)
Stlth   ++........               (no amulet)
HPRegen 0.22/turn                (no ring)
MPRegen 0.11/turn                (no ring)

@: no status effects
A: no striking features
a: no special abilities


You were on level 1 of the Dungeon.
You visited 1 branch of the dungeon, and saw 2 of its levels.

You collected 75 gold pieces.

Inventory:

Missiles
 c - 4 poisoned darts
Armour
 a - a +0 robe (worn)
 k - a +0 buckler
 l - a +0 cloak (worn)
Jewellery
 f - an amulet of guardian spirit
Scrolls
 d - 2 scrolls of identify {unknown}
 e - a scroll of blinking {unknown}
 j - a scroll of magic mapping {unknown}
 m - a scroll of silence {unknown}
Potions
 b - a potion of magic
 g - a potion of flight {unknown}
 h - 2 potions of curing {unknown}
 i - 2 potions of degeneration {unknown}


   Skills:
 - Level 2.4 Dodging
 - Level 2.4 Stealth
 * Level 3.5 Spellcasting
 + Level 1.2 Conjurations
 * Level 4.1 Fire Magic


You had 7 spell levels left.
You knew the following spells:

 Your Spells              Type           Power      Damage    Failure   Level
a - Foxfire               Conj/Fire      52%        2x1d6     4%          1

Your spell library contained the following spells:

 Spells                   Type           Power      Damage    Failure   Level
 Scorch                   Fire           38%        2d7       4%          2
 Inner Flame              Hex/Fire       11%        N/A       19%         3
 Kindle Blastsparks       Fire/Tloc/Air  16%        2d11      24%         3
 Flame Wave               Conj/Fire      13%        2d6       43%         4


Dungeon Overview and Level Annotations

Branches:
Dungeon (2/15)

Altars:


Message History

The hobgoblin shouts!
The orc priest shouts!
You hear a shout! x2
The orc priest invokes the aid of Beogh against you.
Beogh smites you!
Ouch! That really hurt!
An orc comes into view.
It is wielding a +0 club and wearing a +2 ring mail of fire resistance.
You see here 9 gold pieces.
The foxfire hits the bat.
The bat is severely wounded.
The foxfire hits the hobgoblin but does no damage.
The bat attacks as you move away! The bat misses you.
The bat barely misses you.
There is a stone staircase leading up here.
You climb upwards.
There is a stone staircase leading down here.
You start resting.
Magic restored.
You start resting.
HP restored.
You climb downwards.
The bat closely misses you. The hobgoblin barely misses you.
There is a stone staircase leading up here.
The bat closely misses you.
The orc priest mumbles some strange prayers to Beogh against you.
Beogh smites you!
Ouch! That really hurt!
* * * LOW HITPOINT WARNING * * *
The orc hits you with a +0 club.
* * * LOW HITPOINT WARNING * * *
The hobgoblin closely misses you.
You climb upwards.
There is a stone staircase leading down here.
The orc attacks as you move away! The orc closely misses you.
The hobgoblin closely misses you. The orc attacks as you move away!
The orc hits you with a +0 club.
* * * LOW HITPOINT WARNING * * *
There is a stone staircase leading down here.
The orc attacks as you move away! The orc misses you.
There is a stone staircase leading down here.
The orc attacks as you move away! The orc misses you.
The hobgoblin attacks as you move away! The hobgoblin hits you.
You die...

.######....## #####.#
## #.#...# #.# .#
#.#.#########.# .#
##.#.#.......#.# .#
###....+...<...'.# .#
#...#..#.......#.#
.###.##...#########.#
###.......#....o..#.#
..#..##.#.'.>.>g@.+.#
..#..##.###.......#.##
........# #########..#
......### ##.####
....### #....# ....#
####.# ).#.#
###########'## ....#
####............#
...##
#.v'............#


You could see an orc and a hobgoblin.

Vanquished Creatures
  5 endoplasms (D:1)
  2 giant cockroaches
  2 goblins (D:1)
  2 hobgoblins (D:1)
  A quokka (D:1)
  2 bats (D:1)
  A frilled lizard (D:1)
  A kobold (D:1)
  5 rats
21 creatures vanquished.

Vanquished Creatures (others)
  65 foxfires
65 creatures vanquished.

Grand Total: 86 creatures vanquished

Notes
Turn   | Place    | Note
-------+----------+-------------------------------------------
     0 | D:1      | wvc the Deep Elf Fire Elementalist began the quest for the
                  | Orb.
     0 | D:1      | Reached XP level 1. HP: 10/10 MP: 6/6
   157 | D:1      | Reached XP level 2. HP: 15/15 MP: 4/8
   457 | D:1      | Reached skill level 4 in Fire Magic
   879 | D:1      | Slain by a hobgoblin

Illustrated notes

Levels and vault maps discovered:
D:1:      minmay_arrival_up_and_down, layout_rooms, kennysheep_small_spiral,
          minmay_cut_off
D:2:      layout_rooms, basic_altar, skrybe_limestone_x, uniq_crazy_yiuf_cottage

Skill      XL: |  1  2 |
---------------+-------+-----
Fire Magic     | 4 |  4.1
Dodging        | |  2.4
Stealth        | |  2.4
Spellcasting   | |  3.5
Conjurations   | |  1.2

Action                   || total
-------------------------++-------
Melee: Unarmed           ||     7
 Cast: Foxfire           ||    41
Dodge: Dodged            ||    15

Table legend: (Time is in decaauts)
 A = Elapsed time spent in this place.
 B = Non-inter-level travel time spent in this place.
 C = Inter-level travel time spent in this place.
 D = Time resting spent in this place.
 E = Time spent auto-exploring this place.
 F = Levels seen in this place.
 G = Mean time per level.
                   A        B        C        D        E       F      G
               +--------+--------+--------+--------+--------+-----+--------+
         Total |    882 |    844 |     38 |     59 |    588 |   2 |  441.0 |
       Dungeon |    882 |    844 |     38 |     59 |    588 |   2 |  441.0 |
               +--------+--------+--------+--------+--------+-----+--------+

Top non-repeatable levels by time:
     D:1: 843 daAuts
     D:2: 39 daAuts
